 Dungeon Crawl Stone Soup version 0.27.1-34-g3ba077fa99 (webtiles) character file.

Game seed: 9423844141514812844

8 Delamore the Scratcher (level 2, 0/12 HPs)
             Began as a Felid Transmuter on Jan 21, 2022.
             Slain by a frilled lizard (3 damage)
             ... on level 2 of the Dungeon.
             The game lasted 00:00:28 (279 turns).

Delamore the Scratcher (Felid Transmuter)            Turns: 279, Time: 00:00:28

Health: 0/12       AC:  1    Str:  6    XL:     2   Next: 0%
Magic:  6/6        EV: 17    Int: 14    God:
Gold:   15         SH:  0    Dex: 16    Spells: 4/5 levels left
                                        Lives:  0   Deaths: 0

rFire    . . .     SeeInvis +     - Unarmed
rCold    . . .     Faith    .   (shield unavailable)
rNeg     . . .     Spirit   .   (armour unavailable)
rPois    .         Reflect  .   (helmet unavailable)
rElec    .         Harm     .   (cloak unavailable)
rCorr    .         Rampage  .   (gloves unavailable)
Will     .....                  (boots unavailable)
Stlth    ++........             (no amulet)
HPRegen  0.04/turn              (no ring)
MPRegen  0.10/turn              (no ring)

@: quick
A: very small, claws 1, fangs 3, see invisible, speed 1, shaggy fur 1, stealthy
paws, no weapons or thrown items, no armour, multi-lived
a: no special abilities


You were on level 2 of the Dungeon.
You visited 1 branch of the dungeon, and saw 2 of its levels.

You collected 15 gold pieces.

Inventory:

Potions
 a - a potion of attraction {unknown}


   Skills:
 - Level 1.0 Fighting
 + Level 3.0 Dodging
 * Level 1.7 Stealth
 + Level 3.1 Unarmed Combat
 - Level 2.0 Spellcasting
 - Level 2.1 Transmutations


You had 4 spell levels left.
You knew the following spells:

 Your Spells              Type           Power      Damage    Failure   Level
a - Beastly Appendage     Tmut           14%        N/A       10%         1

Your spell library contained the following spells:

 Spells                   Type           Power      Damage    Failure   Level
 Wereblood                Tmut           7%         N/A       14%         2
 Spider Form              Tmut/Pois      2%         N/A       41%         3
 Ice Form                 Ice/Tmut       4%         N/A       83%         4


Dungeon Overview and Level Annotations

Branches:
Dungeon (2/15)

Altars:


Innate Abilities, Weirdness & Mutations

You have sharp claws.
You have razor-sharp teeth.
You have supernaturally acute eyesight. (SInv)
You cover ground quickly. (Speed+)
You are covered in fur. (AC +1)
Your paws help you pounce on unaware monsters.
You are incapable of wielding weapons or throwing items.
You cannot wear armour.
You gain extra lives every three experience levels.


Message History

A frilled lizard comes into view.
You miss the quokka.
The frilled lizard hisses angrily.
A kobold comes into view. It is wielding a +0 short sword.
The quokka misses you.
You barely miss the quokka.
The kobold shouts!
Your bite misses the quokka.
You hear an angry hiss.
The quokka misses you.
You scratch the quokka.
The quokka is almost dead.
The quokka misses you. The dart slug launches a dart at you.
The slug dart hits you.
You scratch the quokka.
You kill the quokka!
The kobold closely misses you.
Your Dodging skill increases to level 3!
You scratch the kobold but do no damage.
You scratch the kobold.
You kill the kobold!
The dart slug launches a dart at you. The slug dart hits you.
Ouch! That really hurt!
* * * LOW HITPOINT WARNING * * *
You have reached level 2!
The frilled lizard closely misses you.
A ball python comes into view.
The frilled lizard misses you.
There is a stone staircase leading down here.
The frilled lizard closely misses you.
You climb downwards.
Found a chain mail and 21 stones.
There is a stone staircase leading up here.
You miss the frilled lizard.
The frilled lizard completely misses you.
You scratch the frilled lizard but do no damage.
Your bite misses the frilled lizard. The frilled lizard bites you.
You die...

########
###......#
........#
#.......#
.......#
#.(....#
#@.....#
#.l....#
#......#
########


You could see a frilled lizard.

Vanquished Creatures
  2 ball pythons (D:1)
  An endoplasm (D:1)
  A giant cockroach (D:1)
  2 kobolds (D:1)
  A quokka (D:1)
7 creatures vanquished.

Notes
Turn   | Place    | Note
-------+----------+-------------------------------------------
     0 | D:1      | Delamore the Felid Transmuter began the quest for the Orb.
     0 | D:1      | Reached XP level 1. HP: 9/9 MP: 4/4
    72 | D:1      | Reached skill level 1 in Stealth
   274 | D:1      | Reached XP level 2. HP: 3/12 MP: 6/6
   279 | D:2      | Slain by a frilled lizard

Illustrated notes

Levels and vault maps discovered:
D:1:      sevenhm_arrival_forest_fort_large_2, layout_loops_cross,
          basic_ecumenical_altar
D:2:      layout_rooms

Skill      XL: |  1 |
---------------+----+-----
Stealth        | 1 |  1.7
Dodging        | 3 |  3.0
Fighting       | |  1.0
Unarmed Combat | |  3.1
Spellcasting   | |  2.0
Transmutations | |  2.1

Action                   || total
-------------------------++-------
Melee: Unarmed           ||    17
Dodge: Dodged            ||    16
